 Dungeon Crawl Stone Soup version 0.30-a0-652-gcc886f7154 (webtiles) character file.

Game seed: 15032775876192534025

34726 kae the Transmogrifier (level 13, -7/97 HPs)
             Began as a Demonspawn Transmuter on Jan 17, 2023.
             Was a High Priest of Ru.
             Mangled by a death yak (18 damage)
             ... on level 5 of the Lair of Beasts.
             The game lasted 00:21:00 (16148 turns).

kae the Transmogrifier (Demonspawn Transmuter)     Turns: 16148, Time: 00:21:00

Health: -7/97      AC:  9    Str: 15    XL:     13   Next: 43%
Magic:  24/24      EV: 15    Int: 16    God:    Ru [*****.]
Gold:   544        SH:  0    Dex: 13    Spells: 23/33 levels left

rFire   x . .      SeeInvis .      - Unarmed
rCold   + + +      Faith    .    (shield currently unavailable)
rNeg    . . .      Spirit   .    (body armour currently unavailable)
rPois   +          Reflect  .    (helmet currently unavailable)
rElec   .          Harm     .    (cloak currently unavailable)
rCorr   .          Rampage  .    (gloves currently unavailable)
Will    +....                    (boots currently unavailable) Stlth
                                 g - amulet of regeneration
HPRegen 1.16/turn                L - ring of flight
MPRegen 0.19/turn                s - ring of willpower

@: agile, ice-form, wereblooded, flying, unable to drink
A: freezing attack, amphibious, boosted hp, large, (horns 2), (molten scales 1),
icemail 2, low MP 1, powered by pain 2, inability to drink after injury 2, no
stealth, inability to use devices, condensation shield, bedeviling
a: End Transformation, Renounce Religion, Draw Out Power, Power Leap, Apocalypse


You were on level 5 of the Lair of Beasts.
You worshipped Ru.
Ru was extremely pleased with you.
You were a creature of crystalline ice.
You visited 2 branches of the dungeon, and saw 15 of its levels.
You also visited: Sewer and Bailey.

You collected 922 gold pieces.
You spent 378 gold pieces at shops.


Innate Abilities, Weirdness & Mutations

You are a creature of crystalline ice.
You have a powerful freezing melee attack.
You are amphibious.
Your maximum health is increased.
Your armour is entirely melded.
You are incapable of wielding weapons or throwing items.
((You have a pair of horns on your head.))
((You are partially covered in molten scales. (AC +2)))
A meltable icy envelope protects you from harm. (AC +0)
Your magical capacity is low. (-10% MP)
You sometimes gain power by taking damage.
You sometimes lose the ability to drink potions when taking damage.
You cannot be stealthy.
You cannot study or use magical devices.
A meltable shield of frost defends you. (SH +0)
Your hexes are more powerful.


   Skills:
 - Level 1.0 Fighting
 - Level 1.7 Dodging
 + Level 10.8 Unarmed Combat
 + Level 10.6 Spellcasting
 * Level 14.6 Transmutations
 - Level 6.0 Ice Magic
 - Level 1.0 Poison Magic


You had 23 spell levels left.
You knew the following spells:

 Your Spells              Type           Power      Damage    Failure   Level
a - Beastly Appendage     Tmut           100%       N/A       1%          1
b - Wereblood             Tmut           53%        N/A       1%          2
c - Spider Form           Tmut/Pois      33%        N/A       1%          3
d - Ice Form              Ice/Tmut       41%        N/A       1%          4

Your spell library contained the following spells:

 Spells                   Type           Power      Damage    Failure   Level
 Freeze                   Ice            100%       1d10      1%          1
 Frozen Ramparts          Ice            54%        1d9       2%          3
 Ignite Poison            Fire/Tmut/Pois 25%        N/A       3%          3
 Hailstorm                Conj/Ice       18%        3d6       8%          3
 Magic Dart               Conj           32%        1d4       9%          1
 Poisonous Vapours        Pois/Air       20%        N/A       11%         2
 Cigotuvi's Dreadful Rot  Necr/Pois/Air  18%        N/A       12%         2
 Searing Ray              Conj           16%        2d5       13%         2
 Mephitic Cloud           Conj/Pois/Air  9%         N/A       22%         3
 Kindle Blastsparks       Fire/Tloc/Air  16%        2d11      26%         3
 Anguish                  Hex/Necr       6%         N/A       65%         4
 Dispel Undead            Necr           8%         3d8       65%         4
 Fulminant Prism          Conj/Hex       6%         3d7       65%         4
 Freezing Cloud           Conj/Ice/Air   7%         6-21      71%         5
 Summon Forest            Summ/Tloc      4%         N/A       94%         5
 Summon Mana Viper        Hex/Summ       12%        N/A       94%         5
 Death Channel            Necr           4%         N/A       100%        6
 Summon Cactus Giant      Summ           4%         N/A       100%        6
 Enfeeble                 Hex            6%         N/A       100%        7

Inventory:

Missiles
 b - 130 stones
 j - 12 boomerangs
 k - a throwing net {=f!f}
 M - 5 javelins
 S - 4 curare-tipped darts {=f}
 T - 12 poisoned darts
Armour
 a - a +1 robe (melded)
 B - a +0 cloak
   (You took it off Crazy Yiuf on level 6 of the Dungeon)
Magical Staves
 x - a staff of cold {!a}
   (You found it on level 10 of the Dungeon)
 K - a staff of air {!a}
   (You found it on level 1 of the Lair of Beasts)
Jewellery
 f - a ring of fire
   (You found it on level 5 of the Lair of Beasts)
 g - an amulet of regeneration (around neck)
   (You found it on level 2 of the Dungeon)
 s - a ring of willpower (right front paw)
   (You found it on level 4 of the Dungeon)
 F - a ring of protection from fire
   (You took it off an orc priest on level 9 of the Dungeon)
 G - an amulet of guardian spirit
   (You found it on level 3 of the Lair of Beasts)
 L - a ring of flight (left front paw)
   (You found it on level 3 of the Dungeon)
 N - a ring of positive energy
   (You found it on level 2 of the Lair of Beasts)
Wands
 r - a wand of flame (4)
   (You found it on level 9 of the Dungeon)
 y - a wand of paralysis (6)
   (You found it on level 1 of the Lair of Beasts)
 J - a wand of digging (11)
   (You found it on level 1 of the Lair of Beasts)
 P - a wand of mindburst (15)
   (You found it on level 1 of the Lair of Beasts)
Scrolls
 c - 9 scrolls of teleportation {@r4}
 d - 2 scrolls of enchant weapon
 e - 5 scrolls of blinking {!r}
 l - 3 scrolls of fog
 q - 2 scrolls of vulnerability {!r!r}
 v - a scroll of magic mapping {!r}
 H - 2 scrolls of brand weapon
 I - a scroll of enchant armour
 R - a scroll of immolation {!r!r}
 V - a scroll of identify {@r1}
 W - a scroll of butterflies
 X - 3 scrolls of poison {!r}
Potions
 h - a potion of attraction {!q}
 i - 8 potions of heal wounds {@q2}
 m - 7 potions of mutation {!q}
 n - 2 potions of ambrosia
 o - 4 potions of lignification {!q}
 p - 3 potions of brilliance
 t - 8 potions of curing {@q1}
 u - 7 potions of haste {@q3}
 w - 3 potions of berserk rage {!q}
 z - 2 potions of resistance
 A - 3 potions of cancellation
 C - a potion of invisibility
 D - a potion of might
 E - a potion of magic
 Q - 2 potions of flight
Miscellaneous
 O - a lightning rod (4/4)
   (You found it on level 2 of the Lair of Beasts)
 U - a condenser vane
   (You found it on level 3 of the Lair of Beasts)

Dungeon Overview and Level Annotations

Branches:
Dungeon (10/15) Zot: 26269  Temple (0/1) D:4            Lair (5/5) D:9 Zot: 24271
 Shoals (0/4) Lair:2       Spider (0/4) Lair:3        Slime (0/5) Lair:5
  Sewer (visited)          Bailey (visited)
    Orc: D:9-12

Altars:
Ashenzari
Dithmenos
Fedhas
Gozag
Hepliaklqana
Kikubaaqudgha
Nemelex Xobeh
Ru
Sif Muna
Trog
Uskayaw
Vehumet
Xom
Jiyva

Shops:
D:6 ?!***

Annotations:
D:4 Edmund
D:5 1 runed translucent door, LowRida's ghost, novice GnRe
D:8 3 transporters
D:9 2 transporters, Cis's ghost, novice MiBe
D:10 exclusion: 2 doors
Lair:2 exclusions: plant and 1 more exclusion
Lair:3 3 runed translucent doors, catramo's ghost, adept DjFE

##..##......#...######.#..###...#
#...###.#..###..## ##..## #...#
###.##.##.#.##...## #....# ##.##
##..####.####..#.# ###.P###...#
##...###..## ##..## #....#...##
.#...##....###P.## ####..###...#
......#....P.##..####.....P.##...
.................................
........#.......Y##..8...........
.....####..###..#Y..........8....
....## ##.......#......8........#
.....###...###..###.......8....##
.....##.#..##....##...8......###
.....#.#.....#..P####......###
.................# ##......#
...##..#....P#...# #...###.P#
.#...###....## .## #...## ###


You could see a death yak.


Message History

* * * LOW HITPOINT WARNING * * *
😨 HP[-1]
You take 1 damage, and now have 34/97 hp.
You hit the lindwurm.
You freeze the lindwurm. 😨 HP[+1] Unknown command.
You punch the lindwurm! You freeze the lindwurm.
The lindwurm barely misses you. The lindwurm closely misses you.
The lindwurm claws you.
* * * LOW HITPOINT WARNING * * *
You focus your inner power and slow the lindwurm in retribution! 😨 HP[-5]
You take 5 damage, and now have 30/97 hp.
You hit the lindwurm. You freeze the lindwurm.
You howl as the wereblood boils in your veins!
The lindwurm bites you!
* * * LOW HITPOINT WARNING * * *
The lindwurm claws you.
* * * LOW HITPOINT WARNING * * *
The lindwurm closely misses you. 😱 HP[-11]
You take 11 damage, and now have 19/97 hp.
You are restored by drawing out deep reserves of power within.
You feel drained.
You howl as the wereblood boils in your veins! 😮 HP[+34]
You now have 92 max hp (-5).
You regained 34 hp, and now have 53/92 hp.
You punch the lindwurm! You freeze the lindwurm.
The lindwurm breathes flames at you. The blast of flame hits you!!
The fire burns you terribly!
* * * LOW HITPOINT WARNING * * *
You focus on the pain.
You feel agile all of a sudden. 😱 HP[-32]
You take 32 damage, and now have 21/92 hp.
MASSIVE DAMAGE!! (PAUSE)
You hit the lindwurm. You freeze the lindwurm.
You feel a bit better.
You kill the lindwurm!
You howl as the wereblood boils in your veins! 😨 HP[+4]
You now have 94 max hp (+2).
You regained 4 hp, and now have 25/94 hp.
Unknown command.
You punch the death yak! You freeze the death yak. 😨 HP[+1]
You pummel the death yak!! You freeze the death yak!
The death yak gores you but does no damage. 😨 HP[+1]
You pummel the death yak!! You freeze the death yak.
You howl as the wereblood boils in your veins!
The death yak gores you but does no damage. 😨 HP[+1]
You hit the death yak but do no damage.
The death yak gores you but does no damage. 😨 HP[+1]
You hit the death yak but do no damage.
The death yak gores you but does no damage. 😨 HP[+1]
You hit the death yak but do no damage. 😨 HP[+1]
You hit the death yak. You freeze the death yak.
The death yak is stunned by your conviction and fails to attack.
You punch the death yak! You freeze the death yak.
You feel a bit better.
You kill the death yak!
Your life force feels restored. 😨 HP[+3]
You now have 97 max hp (+3).
You regained 3 hp, and now have 34/97 hp.
Unknown command.
You hit the death yak. You freeze the death yak.
The death yak misses you. 😨 HP[+1]
You hit the death yak but do no damage.
The death yak closely misses you. 😨 HP[+1]
You hit the death yak. You freeze the death yak. 😨 HP[+1]
You punch the death yak! You freeze the death yak.
You feel less exhausted. The death yak gores you.
* * * LOW HITPOINT WARNING * * *
😨 HP[-3]
You take 3 damage, and now have 34/97 hp.
You hit the death yak but do no damage.
The death yak barely misses you. 😨 HP[+1]
You hit the death yak. You freeze the death yak. The death yak gores you.
* * * LOW HITPOINT WARNING * * *
😨 HP[-4]
You take 4 damage, and now have 31/97 hp.
You hit the death yak. You freeze the death yak. The death yak gores you!
* * * LOW HITPOINT WARNING * * *
😱 HP[-14]
You take 14 damage, and now have 17/97 hp.
You punch the death yak! You freeze the death yak. 😱 HP[+1]
You hit the death yak. You freeze the death yak. The death yak gores you!
* * * LOW HITPOINT WARNING * * *
😱 HP[-8]
You take 8 damage, and now have 10/97 hp.
You punch the death yak! You freeze the death yak. The death yak gores you!!
You die...

Skill      XL: |  1  2  3  4  5  6  7  8  9 10 11 12 13 |
---------------+----------------------------------------+-----
Transmutations | 2 3 4 5 6 8 10 12 13 14 | 14.6
Unarmed Combat | 3 4 5 6 7 9 10 | 10.8
Poison Magic   | 1 |  1.0
Spellcasting   | 3 4 6 7 8 10 | 10.6
Ice Magic      | 2 3 5 6 |  6.0
Fighting       | |  1.0
Dodging        | |  1.7

Action                   |  1- 3 |  4- 6 |  7- 9 | 10-12 | 13-15 || total
-------------------------+-------+-------+-------+-------+-------++-------
Melee: Unarmed           |    76 |   144 |   319 |   625 |   153 ||  1317
       Kick              |    10 |    16 |       |       |       ||    26
       Headbutt          |     5 |    15 |     3 |       |       ||    23
       Punch             |     1 |     3 |     1 |       |       ||     5
 Cast: Beastly Appendage |    22 |    18 |       |       |       ||    40
       Spider Form       |     2 |     8 |    10 |       |       ||    20
       Wereblood         |       |     2 |     8 |    16 |     3 ||    29
       Ice Form          |       |       |    35 |    55 |    13 ||   103
Invok: Sacrifice Artific |       |       |     1 |       |       ||     1
       Sacrifice Drink   |       |       |       |     1 |       ||     1
       Draw Out Power    |       |       |       |     2 |     3 ||     5
       Sacrifice Stealth |       |       |       |     1 |       ||     1
       Sacrifice Essence |       |       |       |       |     1 ||     1
  Use: Potion            |     3 |       |     2 |     1 |       ||     6
       Scroll            |     3 |     5 |    14 |     5 |     1 ||    28
 Stab: Sleeping          |     1 |       |     2 |       |       ||     3
       Invisible         |       |       |     2 |       |       ||     2
       Paralysed         |       |       |       |     1 |     3 ||     4
       Distracted        |       |       |       |       |     2 ||     2
Armor: Robe              |    22 |    10 |     6 |     1 |       ||    39
       Skin              |     5 |     4 |    67 |   214 |    64 ||   354
Dodge: Dodged            |    63 |    85 |   193 |   237 |    65 ||   643
Block: Other             |       |    15 |    49 |   105 |     8 ||   177

Levels and vault maps discovered:
D:1:      shiori_arrival_maze, layout_basic
D:2:      layout_loops_corners, minmay_domino_4, uniq_jessica
D:3:      layout_basic, nicolae_ru_the_path_less_chosen,
          ebering_ecumenical_altar_petrified, uniq_robin, uniq_natasha
D:4:      layout_loops_ring, nicolae_overflow_hallway_of_the_gods,
          minmay_temple_entry_arrows, uniq_ijyb, uniq_edmund, uniq_pikel
D:5:      layout_loops_ring, gammafunk_ghost_grave
D:6:      layout_cave_pools, nicolae_gozag_zags_fifth_avenue, serial_shops,
          nicolae_shop_behind_doors, nicolae_take_the_stairs,
          nicolae_shop_stone, shop, serial_co_window_serial, co_window_paths_a,
          co_window_paths_b, co_window_paths_a, co_window_of_opportunity_a,
          co_window_corner_a, co_window_paths_a, co_window_paths_b,
          co_window_unsneaky_path_d, co_window_corner_b, co_window_paths_c,
          co_window_4corner_a, glass_columns_a, gup_sewer_entry_glass,
          uniq_crazy_yiuf_cottage, uniq_eustachio
D:7:      layout_basic, eat_drink_and_be_merry_uskayaw, enter_bailey_2,
          uniq_maggie
D:8:      layout_loops_ring, mainiacjoe_overflow_catwalk_spiral,
          nicolae_transporter_circle
D:9:      layout_irregular_city, nicolae_ashenzari_skybound,
          mainiacjoe_overflow_24_doors, due_lair_maze_entry_diamond,
          gammafunk_ghost_wrathful_warriors
D:10:     layout_basic, mainiacjoe_overflow_six_doors_small,
          grunt_ministairs_11, nicolae_looking_at_the_future, uniq_maurice,
          uniq_joseph
Lair:1:   layout_hall_layers
Lair:2:   layout_cave_pods, nicolae_shoals_entry_flooding, serial_bayou_shore_a
Lair:3:   layout_cave_pods, spider_nest_entry_funnel_web, gammafunk_ghost_icy,
          dreamdust_gnoll_shepherd, uniq_sonja
Lair:4:   layout_regular_city, basic_altar
Lair:5:   evilmike_catoblepas_cave, layout_small_grid, slime_entry_1,
          kilobyte_rumbling_trees

Notes
Turn   | Place    | Note
-------+----------+-------------------------------------------
     0 | D:1      | kae the Demonspawn Transmuter began the quest for the Orb.
     0 | D:1      | Reached XP level 1. HP: 15/15 MP: 3/3
     0 | D:1      | magus.rc [v1.11.3]
    73 | D:1      | Reached skill level 2 in Transmutations
   260 | D:1      | Mutation became permanent: You have a pair of small horns
                  | on your head. [demonic ancestry]
   260 | D:1      | Gained mutation: You have a pair of horns on your head.
                  | [demonic ancestry]
   260 | D:1      | Reached XP level 2. HP: 14/21 MP: 1/5
   333 | D:1      | Reached skill level 3 in Unarmed Combat
   465 | D:1      | Gained mutation: You have a pair of horns on your head.
                  | [demonic ancestry]
   465 | D:1      | Reached XP level 3. HP: 26/26 MP: 4/6
   469 | D:1      | Learned a level 2 spell: Wereblood
   473 | D:1      | Learned a level 3 spell: Spider Form
   926 | D:2      | Noticed Jessica
   940 | D:2      | Killed Jessica
   941 | D:2      | Reached skill level 3 in Transmutations
   941 | D:2      | Reached skill level 1 in Poison Magic
   941 | D:2      | Gained mutation: You sometimes gain a little power by
                  | taking damage. [demonic ancestry]
   941 | D:2      | Reached XP level 4. HP: 18/32 MP: 4/7
  1123 | D:2      | Identified the +4 ring mail of Ebenn {rCorr}
  1326 | D:2      | Gained mutation: A meltable shield of frost defends you.
                  | (SH +0) [demonic ancestry]
  1326 | D:2      | Reached XP level 5. HP: 25/37 MP: 4/9
  1617 | D:3      | Noticed Natasha
  1624 | D:2      | Killed Natasha
  2240 | D:2      | Noticed Natasha
  2247 | D:2      | HP: 9/37 [constriction (5)]
  2248 | D:2      | HP: 4/37 [constriction (6)]
  2249 | D:2      | Killed Natasha
  2250 | D:2      | Reached skill level 3 in Spellcasting
  2350 | D:2      | Noticed Natasha
  2361 | D:2      | Killed Natasha
  2534 | D:3      | Found a faded altar of an unknown god.
  2631 | D:3      | Reached skill level 4 in Transmutations
  2637 | D:3      | Noticed Robin
  2655 | D:3      | Killed Robin
  3015 | D:3      | Reached XP level 6. HP: 43/43 MP: 8/10
  3124 | D:3      | Learned a level 4 spell: Ice Form
  3345 | D:3      | Found a sacrificial altar of Ru.
  3363 | D:3      | Became a worshipper of Ru the Awakened
  3537 | D:4      | Noticed Edmund
  3541 | D:4      | Found a staircase to the Ecumenical Temple.
  3545 | D:4      | Noticed Pikel
  3571 | D:4      | Killed Pikel
  3572 | D:4      | Reached skill level 4 in Unarmed Combat
  3572 | D:4      | Reached skill level 5 in Transmutations
  3572 | D:4      | Reached skill level 2 in Ice Magic
  3572 | D:4      | Reached XP level 7. HP: 37/48 MP: 6/12
  3602 | D:4      | Noticed Ijyb
  3614 | D:4      | Killed Ijyb
  3890 | D:4      | You pick up a book of the Wilderness and begin reading...
  3890 | D:4      | You add the spells Summon Forest, Summon Mana Viper and
                  | Summon Cactus Giant to your library.
  3989 | D:4      | Found an ancient bone altar of Kikubaaqudgha.
  3993 | D:4      | Found a blossoming altar of Fedhas.
  3996 | D:4      | Found a shimmering blue altar of Sif Muna.
  3999 | D:4      | Found a shimmering altar of Xom.
  3999 | D:4      | Found a radiant altar of Vehumet.
  4000 | D:4      | Found a shadowy altar of Dithmenos.
  4002 | D:4      | Found a sparkling altar of Nemelex Xobeh.
  4289 | D:5      | Entered Level 5 of the Dungeon
  4449 | D:5      | Reached skill level 4 in Spellcasting
  4449 | D:5      | Reached skill level 3 in Ice Magic
  4579 | D:5      | Reached XP level 8. HP: 50/54 MP: 10/14
  4738 | D:5      | You pick up a book of Conjurations and begin reading...
  4738 | D:5      | You add the spells Magic Dart, Searing Ray and Fulminant
                  | Prism to your library.
  4843 | D:5      | HP: 12/54 [orc priest/divine providence (8)]
  4844 | D:5      | HP: 5/54 [orc priest/divine providence (8)]
  4885 | D:5      | Reached skill level 6 in Transmutations
  4885 | D:5      | Reached skill level 4 in Ice Magic
  5138 | D:5      | Found a runed translucent door.
  5138 | D:5      | Noticed LowRida's ghost (novice GnRe)
  5284 | D:6      | Reached skill level 5 in Unarmed Combat
  5357 | D:6      | Found Coecs's Distillery.
  5368 | D:6      | Found Gozag's Platinum Reserve.
  5368 | D:6      | Found an opulent altar of Gozag.
  5402 | D:6      | Bought a potion of curing for 39 gold pieces
  5402 | D:6      | Bought a potion of haste for 130 gold pieces
  5422 | D:6      | You pick up a book of Vapours and begin reading...
  5422 | D:6      | You add the spells Poisonous Vapours, Cigotuvi's Dreadful
                  | Rot and Mephitic Cloud to your library.
  5459 | D:6      | Noticed Eustachio
  5474 | D:6      | Killed Eustachio
  5483 | D:6      | Found Yfriepe's Assorted Antiques.
  5540 | D:6      | Found a glowing drain.
  5669 | D:6      | Found Pepippi's General Store.
  5672 | D:6      | Bought a scroll of magic mapping for 112 gold pieces
  5721 | Sewer    | Entered a sewer
  5919 | Sewer    | Reached skill level 5 in Ice Magic
  6056 | D:6      | Found Ylevog's Magic Scroll Shoppe.
  6270 | D:6      | Gained mutation: A meltable icy envelope protects you from
                  | harm. (AC +0) [demonic ancestry]
  6270 | D:6      | Reached XP level 9. HP: 59/59 MP: 11/16
  6310 | D:6      | Reached skill level 5 in Spellcasting
  6439 | D:6      | Found a runed translucent door.
  6440 | D:6      | Noticed Crazy Yiuf
  6658 | D:6      | Killed Crazy Yiuf
  6804 | D:7      | Reached skill level 7 in Transmutations
  6819 | D:7      | Noticed Maggie
  6866 | D:7      | Killed Maggie
  6867 | D:7      | Reached skill level 6 in Ice Magic
  6911 | D:6      | Bought a scroll of magic mapping for 97 gold pieces
  6947 | D:7      | Found a flagged portal.
  6956 | Bailey   | Entered a bailey
  7205 | Bailey   | HP: 10/63 [gnoll/+2 halberd of electrocution (11)]
  7323 | Bailey   | Reached skill level 6 in Unarmed Combat
  7619 | D:7      | Found a hide-covered altar of Uskayaw.
  7696 | D:7      | Gained mutation: You cannot study or use magical devices.
                  | [Ru sacrifice]
  7696 | D:7      | Reached * piety under Ru
  7696 | D:7      | Reached ** piety under Ru
  7698 | D:7      | Reached skill level 8 in Transmutations
  8105 | D:8      | Reached skill level 6 in Spellcasting
  8122 | D:8      | Found a transporter.
  8149 | D:8      | Found a transporter.
  8204 | D:8      | Noticed a two-headed ogre
  8213 | D:8      | Killed a two-headed ogre
  8214 | D:8      | Gained mutation: You are partially covered in molten
                  | scales. (AC +2) [demonic ancestry]
  8214 | D:8      | Reached XP level 10. HP: 65/65 MP: 11/19
  8249 | D:8      | Found a transporter.
  8267 | D:8      | Found a transporter.
  8284 | D:8      | Found a bloodstained altar of Trog.
  8367 | D:8      | Found a hazy altar of Hepliaklqana.
  8374 | D:8      | Reached skill level 9 in Transmutations
  8951 | D:9      | Found a transporter.
  8958 | D:9      | Found a transporter.
  8960 | D:9      | Noticed a tengu warrior
  8972 | D:9      | Noticed a moth of wrath
  8985 | D:9      | Noticed Cis's ghost (novice MiBe)
  8991 | D:9      | Found a bloodstained altar of Trog.
  9031 | D:9      | Found a staircase to the Lair.
  9035 | D:9      | Reached skill level 7 in Unarmed Combat
  9335 | D:9      | Noticed a two-headed ogre
  9348 | D:9      | Killed a two-headed ogre
  9349 | D:9      | Reached skill level 7 in Spellcasting
  9349 | D:9      | Reached skill level 10 in Transmutations
  9409 | D:9      | Found a broken altar of Ashenzari.
  9450 | D:9      | Gained mutation: You occasionally lose the ability to drink
                  | potions when taking damage. [Ru sacrifice]
  9450 | D:9      | Gained mutation: You sometimes lose the ability to drink
                  | potions when taking damage. [Ru sacrifice]
  9450 | D:9      | Reached *** piety under Ru
  9567 | D:10     | Entered Level 10 of the Dungeon
  9757 | D:10     | Noticed Joseph
  9767 | D:10     | Killed Joseph
  9779 | D:10     | Gained mutation: You sometimes gain power by taking damage.
                  | [demonic ancestry]
  9779 | D:10     | Reached XP level 11. HP: 70/70 MP: 17/22
  9838 | D:10     | Noticed Maurice
  9854 | D:10     | Killed Maurice
 10221 | D:10     | Reached skill level 8 in Unarmed Combat
 10316 | Lair:1   | Entered Level 1 of the Lair of Beasts
 10337 | Lair:1   | Reached skill level 11 in Transmutations
 10423 | Lair:1   | Reached skill level 8 in Spellcasting
 10504 | Lair:1   | HP: 19/84 [poisoned by a water moccasin]
 10504 | Lair:1   | HP: 9/84 [blink frog (6)]
 10509 | Lair:1   | HP: 17/79 [poisoned by a water moccasin]
 10509 | Lair:1   | HP: 8/79 [blink frog (9)]
 10514 | Lair:1   | HP: 9/80 [poisoned by a water moccasin]
 10567 | Lair:1   | You add the spells Kindle Blastsparks, Ignite Poison and
                  | Freezing Cloud to your library.
 10733 | Lair:1   | You pick up a book of Decay and begin reading...
 10733 | Lair:1   | You add the spells Dispel Undead and Death Channel to your
                  | library.
 10815 | Lair:1   | You pick up a book of Maledictions and begin reading...
 10815 | Lair:1   | You add the spells Anguish and Enfeeble to your library.
 11490 | Lair:2   | Reached skill level 12 in Transmutations
 11517 | Lair:2   | Reached skill level 9 in Unarmed Combat
 11518 | Lair:2   | Gained mutation: A meltable icy envelope protects you from
                  | harm. (AC +0) [demonic ancestry]
 11518 | Lair:2   | Reached XP level 12. HP: 76/76 MP: 24/24
 11632 | Lair:2   | Noticed a five-headed hydra
 11641 | Lair:2   | Killed a five-headed hydra
 11805 | Lair:2   | Reached skill level 9 in Spellcasting
 11931 | Lair:2   | Gained mutation: You cannot be stealthy. [Ru sacrifice]
 11931 | Lair:2   | Reached **** piety under Ru
 12655 | Lair:3   | Found a runed translucent gate.
 12928 | Lair:3   | Found a hole to the Spider Nest.
 12941 | Lair:3   | Reached skill level 13 in Transmutations
 13037 | Lair:3   | Found a runed translucent gate.
 13042 | Lair:3   | Found a runed translucent gate.
 13160 | Lair:3   | Noticed catramo's ghost (adept DjFE)
 13299 | Lair:3   | Noticed Sonja
 13308 | Lair:3   | Killed Sonja
 13319 | Lair:3   | You pick up a book of the Wilderness and begin reading...
 14121 | Lair:4   | Reached skill level 10 in Unarmed Combat
 14373 | Lair:4   | Found a shimmering altar of Xom.
 14721 | Lair:4   | Reached skill level 10 in Spellcasting
 14910 | Lair:4   | You pick up a book of Frost and begin reading...
 14910 | Lair:4   | You add the spells Freeze, Frozen Ramparts and Hailstorm to
                  | your library.
 15063 | Lair:5   | Entered Level 5 of the Lair of Beasts
 15073 | Lair:5   | Noticed a death yak
 15073 | Lair:5   | Noticed a death yak
 15074 | Lair:5   | Noticed a death yak
 15095 | Lair:5   | Killed a death yak
 15101 | Lair:5   | Killed a death yak
 15102 | Lair:5   | Gained mutation: Your hexes are more powerful. [demonic
                  | ancestry]
 15102 | Lair:5   | Reached XP level 13. HP: 31/81 MP: 25/27
 15105 | Lair:5   | HP: 18/97 [death yak (13)]
 15112 | Lair:5   | Reached skill level 14 in Transmutations
 15413 | Lair:5   | Gained mutation: Your magical capacity is low. (-10% MP)
                  | [Ru sacrifice]
 15413 | Lair:5   | Reached ***** piety under Ru
 15924 | Lair:5   | HP: 15/97 [death yak (13)]
 15930 | Lair:5   | HP: 16/92 [death yak (5)]
 16054 | Lair:5   | Found a staircase to the Slime Pits.
 16054 | Lair:5   | Found a viscous altar of Jiyva.
 16127 | Lair:5   | HP: 24/97 [lindwurm (7)]
 16145 | Lair:5   | HP: 17/97 [death yak (15)]
 16148 | Lair:5   | Mangled by a death yak

Vanquished Creatures
  2 hydras
  7 death yaks (Lair:5)
  2 two-headed ogres
  Sonja (Lair:3)
  A lindwurm (Lair:5)
  Pikel (D:4)
  2 wolf spiders (Lair:3)
  4 black mambas
  Joseph (D:10)
  Maurice (D:10)
  2 water nymphs (Lair:2)
  9 cane toads
  An unseen horror (D:9)
  Maggie (D:7)
  7 komodo dragons
  A rime drake (Lair:4)
  6 polar bears
  A hornet (D:7)
  16 blink frogs
  4 dream sheep (Lair:3)
  A culicivora (Lair:3)
  A shadow (D:10)
  A jumping spider (Lair:3)
  2 wyverns
  31 yaks
  Eustachio (D:6)
  3 basilisks
  2 steam dragons
  13 water moccasins
  8 orc warriors
  4 black bears
  4 boggarts (Lair:5)
  5 wolves (Lair:2)
  2 ogres (D:5)
  2 centaurs
  2 phantoms
  A kobold brigand (D:7)
  13 bullfrogs
  A gnoll sergeant (D:7)
  2 scorpions (D:9)
  15 killer bees
  4 howler monkeys
  8 orc priests
  Crazy Yiuf (D:6)
  2 gnoll boudas
  4 hounds
  2 jellies (D:5)
  3 iguanas (D:5)
  Jessica (D:2)
  Ijyb (D:4)
  Natasha (thrice) (D:2)
  10 orc wizards
  Robin (D:3)
  20 gnolls
  4 river rats (Sewer)
  12 adders
  An ufetubus (D:4)
  3 dart slugs
  39 orcs
  10 ball pythons
  9 bats
  6 endoplasms
  6 giant cockroaches
  11 goblins
  9 hobgoblins
  2 jackals (D:2)
  4 kobolds
  2 quokkas
  11 frilled lizards
  14 rats
387 creatures vanquished.

Vanquished Creatures (others)
  A hydra (Lair:5)
  A cane toad (Lair:3)
  A wolf (Lair:2)
  A bullfrog (Lair:2)
  An orc wizard (D:8)
  A gnoll (D:7)
  43 fungi
  72 plants
  2 withered plants (D:5)
123 creatures vanquished.

Grand Total: 510 creatures vanquished

Table legend:
 A = Non-vault XP
 B = Vault XP
 C = Vault XP percentage of total XP
 D = Non-vault monster count
 E = Vault monster count
 F = Vault count percentage of total count
                 A         B        C        D         E       F
            +---------+---------+-------+---------+---------+-------
      Total |   38064 |   11545 |  23.3 |     280 |     110 |  28.2
            +---------+---------+-------+---------+---------+-------
        D:1 |      40 |       5 |  11.1 |      15 |       2 |  11.8
        D:2 |     180 |      90 |  33.3 |      25 |       5 |  16.7
        D:3 |      63 |      32 |  33.7 |      17 |      11 |  39.3
        D:4 |      46 |     629 |  93.2 |       9 |       2 |  18.2
        D:5 |     965 |       0 |   0.0 |      23 |       0 |   0.0
        D:6 |     598 |     275 |  31.5 |       7 |       6 |  46.2
        D:7 |    1379 |     398 |  22.4 |      23 |       1 |   4.2
        D:8 |    1763 |       0 |   0.0 |      20 |       0 |   0.0
        D:9 |    2074 |    1173 |  36.1 |      18 |       9 |  33.3
       D:10 |    1280 |    2239 |  63.6 |      20 |      12 |  37.5
     Lair:1 |    6108 |       0 |   0.0 |      24 |       0 |   0.0
     Lair:2 |    4954 |     912 |  15.5 |      22 |       2 |   8.3
     Lair:3 |    4428 |    3419 |  43.6 |      18 |      10 |  35.7
     Lair:4 |    3549 |       0 |   0.0 |      16 |       0 |   0.0
     Lair:5 |   10637 |    2010 |  15.9 |      23 |       8 |  25.8
      Sewer |       0 |      84 | 100.0 |       0 |      22 | 100.0
     Bailey |       0 |     279 | 100.0 |       0 |      20 | 100.0
            +---------+---------+-------+---------+---------+-------

Illustrated notes

Table legend:
 A = Kills in this place as a percentage of kills in entire the game.
 B = Kills by you in this place as a percentage of kills by you in the entire game.
 C = Kills by friends in this place as a percentage of kills by friends in the entire game.
 D = Other kills in this place as a percentage of other kills in the entire game.
 E = Experience gained in this place as a percentage of experience gained in the entire game.
 F = Experience gained in this place divided by the number of levels of this place that you have seen.
                   A       B       C       D       E      F
               +-------+-------+-------+-------+-------+----------------------
         Total | 100.0 | 100.0 |   N/A | 100.0 | 100.0 | 2918.2
       Dungeon |  57.7 |  58.3 |   N/A |   0.0 |  26.7 | 1322.9
          Lair |  31.5 |  30.8 |   N/A | 100.0 |  72.6 | 7203.4
         Sewer |   5.6 |   5.7 |   N/A |   0.0 |   0.2 |  84.0
        Bailey |   5.1 |   5.2 |   N/A |   0.0 |   0.6 | 279.0
               +-------+-------+-------+-------+-------+----------------------

Table legend: (Time is in decaauts)
 A = Elapsed time spent in this place.
 B = Non-inter-level travel time spent in this place.
 C = Inter-level travel time spent in this place.
 D = Time resting spent in this place.
 E = Time spent auto-exploring this place.
 F = Levels seen in this place.
 G = Mean time per level.
                   A        B        C        D        E       F      G
               +--------+--------+--------+--------+--------+-----+--------+
         Total |  15963 |  15370 |    593 |     96 |  12191 |  17 |  939.0 |
       Dungeon |   9432 |   9013 |    419 |     44 |   7223 |  10 |  943.2 |
          Lair |   5728 |   5555 |    173 |     49 |   4397 |   5 | 1145.6 |
         Sewer |    312 |    312 |      0 |      0 |    235 |   1 |  312.0 |
        Bailey |    489 |    489 |      0 |      3 |    336 |   1 |  489.0 |
               +--------+--------+--------+--------+--------+-----+--------+

Top non-repeatable levels by time:
     D:2: 1871 daAuts
  Lair:3: 1524 daAuts
     D:6: 1163 daAuts
  Lair:2: 1105 daAuts
  Lair:1: 1099 daAuts
  Lair:5: 1020 daAuts
     D:5: 981 daAuts
  Lair:4: 979 daAuts
     D:3: 952 daAuts
     D:9: 877 daAuts
     D:4: 847 daAuts
     D:8: 796 daAuts
     D:7: 700 daAuts
    D:10: 641 daAuts
     D:1: 600 daAuts
